 Dungeon Crawl Stone Soup version 0.24-a0-459-g225fefd530 (webtiles) character file.

Game seed: 10225109868868373392

399 Mrkan the Cudgeler (level 6, -1/40 HPs)
             Began as a Gargoyle Fighter on June 29, 2019.
             Was an Initiate of Gozag.
             Slain by an ogre
             ... wielding a +0 giant spiked club
              (13 damage)
             ... on level 4 of the Dungeon.
             The game lasted 00:10:53 (2934 turns).

Mrkan the Cudgeler (Gargoyle Fighter)               Turns: 2934, Time: 00:10:54

Health: -1/40      AC: 11    Str: 22    XL:     6   Next: 84%
Magic:  6/6        EV:  7    Int:  8    God:    Gozag
Gold:   258        SH: 10    Dex:  9    Spells: 5/5 levels left

rFire    . . .     SeeInvis .   a - +0 flail
rCold    . . .     Gourm    .   c - +0 shield
rNeg     + . .     Faith    .   b - +0 scale mail
rPois    ∞         Spirit   .   (no helmet)
rElec    +         Reflect  .   (no cloak)
rCorr    .         Harm     .   (no gloves)
MR       .....                  (no boots)
Stlth    ..........             (no amulet)
HPRegen  0.13/turn              (no ring)
MPRegen  0.10/turn              (no ring)

@: no status effects
A: negative energy resistance 1, electricity resistance, unbreathing,
petrification resistance, rot immunity, AC +4
a: Potion Petition, Call Merchant, Bribe Branch, Renounce Religion


You were on level 4 of the Dungeon.
You worshipped Gozag.
Gozag was aware of your devotion.
You were not hungry.

You visited 2 branches of the dungeon, and saw 5 of its levels.

You collected 320 gold pieces.
You paid 62 gold pieces to Gozag.

Inventory:

Hand Weapons
 a - a +0 flail (weapon)
Armour
 b - a +0 scale mail (worn)
 c - a +0 shield (worn)
Jewellery
 m - a cursed amulet of inaccuracy {unknown}
Scrolls
 e - 2 scrolls of identify {unknown}
 g - a scroll of remove curse {unknown}
 j - a scroll of enchant armour {unknown}
 l - 2 scrolls of teleportation {unknown}
 o - a scroll of immolation {unknown}
Potions
 d - a potion of might
 h - a potion of agility
 i - 2 potions of curing {unknown}
 k - 4 potions of flight {unknown}
 n - a potion of heal wounds {unknown}
Comestibles
 f - 9 rations


   Skills:
 + Level 4.9 Fighting
 * Level 5.1 Maces & Flails
 - Level 3.2 Armour
 + Level 4.9 Shields


You had 5 spell levels left.
You didn't know any spells.
Your spell library contained the following spells:

 Spells                   Type           Power        Failure   Level  Hunger
 Confusing Touch          Hex            #.....       99%         1    ##.....
 Confuse                  Hex            #.......     100%        3    ####...
 Gell's Gravitas          Tloc           #.........   100%        3    ####...
 Petrify                  Tmut/Erth      #.......     100%        4    #####..
 Metabolic Englaciation   Hex/Ice        #.........   100%        5    ######.
 Yara's Violent Unravell  Hex/Tmut       #.........   100%        5    ######.


Dungeon Overview and Level Annotations

Branches:
Dungeon (4/15)             Temple (1/1) D:4

Altars:
Cheibriados
Dithmenos
Fedhas
Gozag
Hepliaklqana
Nemelex Xobeh
Okawaru
Ru
Trog
Vehumet
Wu Jian
The Shining One


Innate Abilities, Weirdness & Mutations

You are resistant to torment.
Your stone body is resilient. (AC +4)
You are immune to poison.
You resist negative energy. (rN+)
You are resistant to electric shocks. (rElec)
You can survive without breathing.
You are immune to petrification.
You are immune to rotting.


Message History

There are monsters nearby!
There is an open door here.
You sock the orc!
You kill the orc!
You sock the ogre!
The ogre is moderately wounded.
The ogre hits you but does no damage.
You closely miss the ogre.
The ogre is moderately wounded.
You block the ogre's attack.
You hit the ogre.
The ogre is moderately wounded.
The ogre hits you with a +0 giant spiked club!!
Ouch! That really hurt!
* * * LOW HITPOINT WARNING * * *
You closely miss the ogre.
The ogre is moderately wounded.
The ogre hits you with a +0 giant spiked club!
You die...
Your body crumbles into a pile of gold.

#...# # #### #.#.#
# ######))## #.#.#
# ##..##....#
#.#.###
#....'....####
#.#..##
#....##..##..## ###
#.#..##
####..#####'....#
..# #.#...#
##..#'## ##....#
#.# #.#.... #....##
##.@## #.# #.#...#
#....+ ##O# #.#
#.#.... ##..## #..#
#.# #.#..#. ##'##
....##.# #.#..#.
##..##
#....##.#####.#..##
#....##
+#..##...........##
#....'###
####..######......
##..##..## #...##
#...... ####....+
#.### #......


You could see an ogre.

Vanquished Creatures
  An ogre (D:4)
  A hound (D:4)
  An orc wizard (D:2)
  2 worker ants (D:4)
  A killer bee zombie (D:4)
  6 adders
  A white imp (D:4)
  2 oozes
  2 worms
  3 dart slugs
  2 leopard geckos
  7 orcs
  4 ball pythons
  10 bats
  4 giant cockroaches
  4 goblins
  8 hobgoblins
  8 jackals (D:2)
  12 kobolds
  5 quokkas
  5 frilled lizards
  A goblin skeleton (D:4)
  A goblin zombie (D:4)
  A hobgoblin zombie (D:4)
  A kobold skeleton (D:4)
  3 kobold zombies (D:4)
  2 orc skeletons (D:4)
  14 rats
112 creatures vanquished.

Notes
Turn   | Place    | Note
-------+----------+-------------------------------------------
     0 | D:1      | Mrkan the Gargoyle Fighter began the quest for the Orb.
     0 | D:1      | Reached XP level 1. HP: 14/14 MP: 1/1
    65 | D:1      | Reached XP level 2. HP: 18/19 MP: 2/2
   249 | D:1      | Reached XP level 3. HP: 13/23 MP: 3/3
   406 | D:1      | Reached skill level 3 in Maces & Flails
   676 | D:2      | Reached XP level 4. HP: 28/29 MP: 4/4
   792 | D:2      | Found a blossoming altar of Fedhas.
  1015 | D:2      | Reached XP level 5. HP: 22/33 MP: 5/5
  1104 | D:2      | Reached skill level 4 in Maces & Flails
  1953 | D:3      | Found a radiant altar of Vehumet.
  1995 | D:3      | Found a sacrificial altar of Ru.
  2107 | D:4      | Found a staircase to the Ecumenical Temple.
  2168 | Temple   | Entered the Ecumenical Temple
  2467 | Temple   | Became a worshipper of Gozag Ym Sagoz the Greedy
  2526 | D:4      | Found a glowing golden altar of the Shining One.
  2527 | D:4      | Noticed an ogre
  2554 | D:4      | Killed an ogre
  2554 | D:4      | Reached XP level 6. HP: 30/39 MP: 6/6
  2618 | D:4      | Found a snail-covered altar of Cheibriados.
  2814 | D:4      | Reached skill level 5 in Maces & Flails
  2934 | D:4      | Slain by an ogre

Levels and vault maps discovered:
D:1:      dpeg_arrival_rhombi, layout_rooms
D:2:      layout_loops_cross, fedhas_altar_2
D:3:      layout_basic, vehumet_crystals, nicolae_ru_the_path_less_chosen
D:4:      minmay_bubble_buster, layout_basic, marbit_many_paths,
          nicolae_tso_besieged_by_evil, temple_fountains, first_ration,
          uniq_ijyb
Temple:   grunt_temple_mini_profane

Skill      XL: |  1  2  3  4  5  6 |
---------------+-------------------+-----
Maces & Flails | 3 4 5 |  5.1
Fighting       | 4 |  4.9
Shields        | 4 |  4.9
Armour         | |  3.2

Action                   |  1- 3 |  4- 6 || total
-------------------------+-------+-------++-------
Melee: Flail             |   103 |   297 ||   400
  Eat: Chunk             |       |     5 ||     5
       Ration            |       |     1 ||     1
Armor: Scale mail        |    65 |   187 ||   252
Dodge: Dodged            |    29 |    91 ||   120
Block: Shield            |    70 |   206 ||   276

Table legend:
 A = Non-vault XP
 B = Vault XP
 C = Vault XP percentage of total XP
 D = Non-vault monster count
 E = Vault monster count
 F = Vault count percentage of total count
                 A         B        C        D         E       F
            +---------+---------+-------+---------+---------+-------
      Total |     471 |     100 |  17.5 |      98 |      14 |  12.5
            +---------+---------+-------+---------+---------+-------
        D:1 |      55 |       0 |   0.0 |      30 |       0 |   0.0
        D:2 |     156 |       0 |   0.0 |      38 |       0 |   0.0
        D:3 |      60 |       0 |   0.0 |      23 |       0 |   0.0
        D:4 |     200 |     100 |  33.3 |       7 |      14 |  66.7
            +---------+---------+-------+---------+---------+-------
